 Dungeon Crawl Stone Soup version 0.29-a0-723-gce39da1c22 (webtiles) character file.

Game seed: 13012596139860876730

12 blackman the Sneak (level 2, -9/24 HPs)
             Began as a Human Delver on June 28, 2022.
             Mangled by a mummy (18 damage)
             ... on level 6 of the Dungeon.
             The game lasted 00:01:11 (216 turns).

blackman the Sneak (Human Delver)                    Turns: 216, Time: 00:01:12

Health: -9/24      AC:  3    Str: 12    XL:     2   Next: 45%
Magic:  2/2        EV: 12    Int: 10    God:
Gold:   14         SH:  0    Dex: 14    Spells: 1/1 levels left

rFire   . . .      SeeInvis .   a - +0 hand axe
rCold   . . .      Faith    .   (no shield)
rNeg    . . .      Spirit   .   b - +0 leather armour
rPois   .          Reflect  .   (no helmet)
rElec   .          Harm     .   (no cloak)
rCorr   .          Rampage  .   (no gloves)
Will    .....                   (no boots)
Stlth   +++.......              (no amulet)
HPRegen 0.08/turn               (no ring)
MPRegen 0.08/turn               (no ring)

@: hasted, very quick
A: no striking features
a: no special abilities


You were on level 6 of the Dungeon.
You visited 1 branch of the dungeon, and saw 2 of its levels.

You collected 14 gold pieces.

Inventory:

Hand Weapons
 a - a +0 hand axe (weapon)
Armour
 b - a +0 leather armour (worn)
Wands
 g - a wand of digging (3)
Scrolls
 c - a scroll of fog
 d - a scroll of magic mapping
Potions
 h - a potion of heal wounds {unknown}


   Skills:
 - Level 3.0 Fighting
 + Level 2.9 Axes
 - Level 2.0 Dodging
 - Level 5.0 Stealth


You had one spell level left.
You didn't know any spells.
Your spell library was empty.

Dungeon Overview and Level Annotations

Branches:
Dungeon (6/15)
 Temple: D:4-7

Altars:

Annotations:
D:6 Sigmund


Message History

A mummy comes into view.
There is an open door here.
The helpless mummy fails to defend itself.
You slash the mummy!
The mummy is moderately damaged.
The mummy hits you but does no damage.
You hit the mummy.
The mummy is severely damaged.
You hit the mummy.
The mummy is almost destroyed.
The mummy hits you but does no damage.
You hit the mummy.
You destroy the mummy!
You have reached level 2!
You open the door.
A mummy comes into view.
There is an open door here.
You hit the mummy.
The mummy is moderately damaged.
The mummy barely misses you.
You hit the mummy.
The mummy is moderately damaged.
You hit the mummy.
The mummy is severely damaged.
The mummy hits you!
Ouch! That really hurt!
You hit the mummy.
The mummy is severely damaged.
You barely miss the mummy.
The mummy is severely damaged.
The mummy barely misses you.
You hit the mummy but do no damage.
The mummy is severely damaged.
You closely miss the mummy.
The mummy is severely damaged.
You hit the mummy.
The mummy is almost destroyed.
The mummy hits you!!
Ouch! That really hurt!
You die...

#.# +.+ #.#
+.+ #.# +.+
###.###
#.'.@M#
###.### #+#
#h# ##.#
#..# #.##
#.#
#O##########


You could see a mummy.

Vanquished Creatures
  A mummy (D:6)
1 creature vanquished.

Notes
Turn   | Place    | Note
-------+----------+-------------------------------------------
     0 | D:5      | blackman the Human Delver began the quest for the Orb.
     0 | D:5      | Reached XP level 1. HP: 18/18 MP: 1/1
    32 | D:5      | Noticed a hound
    44 | D:5      | Noticed a phantom
    69 | D:5      | Noticed a scorpion
   139 | D:6      | Noticed a black bear
   153 | D:6      | Noticed an ice beast
   177 | D:6      | Noticed Sigmund
   177 | D:6      | Noticed an iguana
   177 | D:6      | Noticed an ogre
   206 | D:6      | Reached XP level 2. HP: 24/24 MP: 2/2
   216 | D:6      | Mangled by a mummy

Illustrated notes

Levels and vault maps discovered:
D:5:      layout_loops_corners, minitemple
D:6:      layout_basic, lemuel_mausoleum_altar_kikubaaqudgha, temple_doors_e,
          chequers_jeans, minmay_misc_feat_tiny, minmay_pentangle, uniq_pikel,
          uniq_sigmund

Action                   || total
-------------------------++-------
Melee: Hand axe          ||    12
  Use: Scroll            ||     1
       Potion            ||     1
 Stab: Sleeping          ||     1
Armor: Leather armour    ||     2
Dodge: Dodged            ||     3

Table legend: (Time is in decaauts)
 A = Elapsed time spent in this place.
 B = Non-inter-level travel time spent in this place.
 C = Inter-level travel time spent in this place.
 D = Time resting spent in this place.
 E = Time spent auto-exploring this place.
 F = Levels seen in this place.
 G = Mean time per level.
                   A        B        C        D        E       F      G
               +--------+--------+--------+--------+--------+-----+--------+
         Total |    210 |    195 |     15 |      0 |     32 |   2 |  105.0 |
       Dungeon |    210 |    195 |     15 |      0 |     32 |   2 |  105.0 |
               +--------+--------+--------+--------+--------+-----+--------+

Top non-repeatable levels by time:
     D:6: 117 daAuts
     D:5: 93 daAuts
